Map: Zen ER

Players

kers - Winner!

  • Race: Protoss Protoss
  • League: Platinum
  • Spawn Location: 7:00

Beltsazar

  • Race: Protoss Protoss
  • League: Platinum
  • Spawn Location: 1:00

VOD

Have the link to the VOD?

Description

Time

  • Played on: March 4, 2020, 2:40 p.m.
  • Length: 13:51
Show
View Real Time Build Order
Export as new Build Order

kers Protoss - Winner!

Build Orders:  

Get SALT Encoding   

  12  0:01  Probe  
  13  0:13  Probe  
  14  0:20  Pylon  
  14  0:25  Probe  
  15  0:38  Probe (Chrono Boost)  
  15  0:40  Gateway  
  17  0:50  Probe (Chrono Boost)  
  17  0:55  Probe (Chrono Boost)  
  18  1:04  Probe  
  18  1:06  Assimilator  
  19  1:16  Probe  
  20  1:28  Probe  
  21  1:40  Probe  
  21  1:41  Cybernetics Core  
  22  1:52  Probe  
  22  2:06  Gateway  
  22  2:07  Pylon  
  22  2:09  Probe  
  22  2:12  Warp Gate (Chrono Boost)  
  23  2:29  Pylon  
  23  2:40  Gateway  
  23  2:47  Probe, Adept  
  26  2:52  Nexus  
  26  2:58  Adept  
  28  2:59  Probe  
  29  3:11  Probe  
  30  3:13  Pylon  
  30  3:15  Assimilator  
  30  3:23  Probe  
  31  3:31  Stalker (Chrono Boost)  
  35  3:34  Pylon  
  35  3:38  Stalker (Chrono Boost)  
  35  3:41  Probe  
  36  3:56  Probe  
  37  4:04  Probe  
  37  4:08  Probe  
  39  4:17  Probe  
  40  4:18  Robotics Facility  
  40  4:20  Probe, Assimilator  
  40  4:23  Assimilator  
  41  4:29  Probe  
  42  4:34  Stalker x2  
  46  4:43  Pylon  
  46  4:45  Stalker  
  48  4:53  Probe x2  
  50  5:01  Stalker x2  
  50  5:05  Probe  
  50  5:06  Probe, Twilight Council  
  56  5:13  Sentry  
  58  5:18  Probe x2  
  58  5:20  Observer  
  61  5:26  Sentry  
  63  5:30  Probe x2  
  65  5:38  Immortal (Chrono Boost)  
  65  5:42  Probe  
  70  5:45  Blink (Chrono Boost)  
  70  5:47  Pylon  
  70  5:50  Pylon  
  70  5:53  Pylon  
  70  6:02  Forge  
  70  6:05  Probe x2  
  70  6:10  Pylon  
  71  6:17  Probe x2  
  73  6:24  Stalker x3  
  75  6:36  Protoss Ground Weapons Level 1 (Chrono Boost)  
  75  6:45  Gateway  
  75  6:46  Gateway  
  75  6:47  Gateway  
  75  6:50  Probe, Gateway  
  75  6:52  Gateway  
  76  7:08  Probe x2  
  78  7:20  Probe x2  
  80  7:25  Charge (Chrono Boost), Templar Archives  
  80  7:32  Probe x2  
  80  7:36  Immortal (Chrono Boost), Zealot  
  80  7:37  Zealot x2  
  92  7:47  Probe x2  
  94  8:10  Nexus  
  94  8:11  Pylon  
  94  8:12  Pylon  
  94  8:17  Pylon  
  94  8:18  Pylon  
  94  8:20  Pylon  
  94  8:21  Pylon  
  94  8:29  Probe x2, Observer  
  97  8:34  Protoss Ground Armor Level 1 (Chrono Boost)  
  97  8:41  Probe x2  
  99  8:44  Photon Cannon  
  99  8:47  Photon Cannon  
  99  8:48  High Templar x3  
  99  8:49  High Templar x3, Photon Cannon  
  99  8:53  Assimilator  
  99  8:55  Assimilator  
  110  8:59  Warp Prism  
  110  9:02  Probe x2  
  114  9:14  Probe  
  114  9:15  Probe  
  116  9:25  Archon x2  
  116  9:26  Archon  
  116  9:30  Probe x3  
  119  9:35  Observer  
  119  9:38  Nexus  
  120  9:39  Pylon  
  120  9:41  Pylon  
  120  9:42  Probe x2  
  120  9:43  Probe  
  120  9:44  Assimilator  
  123  9:48  Gateway, Assimilator  
  123  9:50  Gateway  
  123  9:54  Probe x2  
  123  9:55  Probe  
  126  10:02  Photon Cannon  
  126  10:05  Photon Cannon  
  126  10:06  Probe, High Templar x2  
  126  10:07  Probe x2, High Templar x2  
  135  10:08  Photon Cannon  
  137  10:18  Probe  
  137  10:19  Probe x2  
  140  10:25  Immortal  
  144  10:34  High Templar x3  
  150  10:36  Archon  
  150  10:37  Archon  
  150  10:38  Archon  
  150  10:41  High Templar  
  152  10:51  Zealot x5  
  162  11:14  High Templar x2  
  162  11:15  High Templar x2  
  162  11:17  Archon  
  170  11:40  Photon Cannon  
  170  11:45  Photon Cannon  
  170  11:50  Pylon  
  170  11:52  Pylon  
  170  11:53  High Templar  
  170  11:54  High Templar x4  
  174  11:55  Pylon  
  174  11:56  Archon  
  174  11:57  Archon  
  174  11:58  Archon  
  174  11:59  Archon, Pylon  
  174  12:00  High Templar  
  182  12:05  Archon  
  182  12:16  Zealot x4  
  158  12:53  High Templar x2  
  158  12:54  High Templar x5  
  158  12:55  Zealot  
  158  12:56  Zealot x2  
  158  12:58  Archon x2  
  174  12:59  Archon  
  174  13:10  Gateway x2  
  174  13:12  Gateway  
  174  13:18  High Templar  
  162  13:20  Gateway  
  162  13:24  Zealot  
  162  13:25  Zealot  
  134  13:46  High Templar x3  
  134  13:47  High Templar x2  
Show
View Real Time Build Order
Export as new Build Order

Beltsazar Protoss 

Build Orders:  

Get SALT Encoding   

  12  0:01  Probe  
  13  0:18  Pylon  
  13  0:23  Probe (Chrono Boost)  
  14  0:33  Probe (Chrono Boost)  
  15  0:43  Forge  
  15  0:47  Probe  
  16  0:57  Pylon  
  16  1:08  Probe (Chrono Boost)  
  17  1:18  Probe (Chrono Boost)  
  18  1:20  Photon Cannon  
  17  1:26  Gateway  
  17  1:29  Probe  
  17  1:32  Assimilator  
  18  1:44  Pylon  
  18  1:52  Probe  
  19  2:04  Probe  
  20  2:16  Cybernetics Core  
  20  2:27  Photon Cannon  
  20  2:28  Photon Cannon  
  20  2:35  Pylon  
  20  2:38  Pylon  
  20  2:45  Probe (Chrono Boost)  
  21  2:54  Probe (Chrono Boost)  
  21  2:56  Warp Gate  
  24  3:00  Gateway  
  24  3:02  Probe  
  23  3:10  Assimilator  
  23  3:14  Probe (Chrono Boost)  
  23  3:17  Adept  
  26  3:39  Photon Cannon  
  26  3:43  Photon Cannon  
  26  3:44  Shield Battery  
  26  3:51  Pylon  
  26  3:59  Gateway  
  26  4:06  Adept  
  28  4:26  Robotics Facility  
  24  5:02  Nexus  
  24  5:04  Robotics Facility  
  24  5:05  Robotics Facility  
  24  5:17  Nexus  
  24  5:34  Stalker  
  24  5:35  Stalker  
  28  5:50  Photon Cannon  
  27  5:58  Adept  
  27  5:59  Adept  
  31  6:32  Immortal  
  33  6:36  Probe (Chrono Boost)  
  33  6:37  Probe (Chrono Boost)  
  33  6:38  Probe (Chrono Boost)  
  34  6:47  Probe x3 (Chrono Boost)  
  37  6:53  Stargate  
  37  7:04  Immortal  
  41  7:17  Immortal  
  45  7:28  Probe (Chrono Boost)  
  45  7:29  Probe x2 (Chrono Boost)  
  48  7:40  Probe (Chrono Boost)  
  48  7:41  Probe (Chrono Boost)  
  48  7:42  Probe (Chrono Boost)  
  51  7:47  Probe (Chrono Boost)  
  52  7:54  Immortal  
  56  8:15  Shield Battery  
  56  8:16  Pylon  
  56  8:18  Probe (Chrono Boost)  
  57  8:22  Photon Cannon  
  60  8:27  Probe x2 (Chrono Boost)  
  60  8:28  Probe (Chrono Boost)  
  60  8:29  Immortal  
  65  8:35  Probe (Chrono Boost)  
  65  8:37  Probe (Chrono Boost)  
  66  8:43  Pylon  
  66  8:44  Pylon  
  66  8:46  Probe (Chrono Boost)  
  67  8:49  Pylon  
  67  8:50  Probe (Chrono Boost)  
  68  8:59  Pylon  
  68  9:02  Pylon  
  68  9:05  Pylon  
  68  9:11  Pylon  
  68  9:13  Pylon, Photon Cannon  
  68  9:15  Pylon  
  68  9:19  Gateway  
  68  9:20  Gateway  
  68  9:22  Gateway  
  68  9:26  Pylon  
  68  9:30  Probe (Chrono Boost)  
  69  9:34  Probe (Chrono Boost)  
  69  9:37  Immortal  
  74  9:40  Probe (Chrono Boost)  
  74  9:42  Probe (Chrono Boost)  
  80  9:45  Probe (Chrono Boost), Immortal  
  80  9:48  Protoss Ground Weapons Level 1  
  81  9:55  Shield Battery  
  81  9:57  Shield Battery  
  81  10:04  Photon Cannon  
  81  10:06  Photon Cannon  
  81  10:13  Gateway  
  81  10:19  Photon Cannon  
  81  10:21  Gateway  
  81  10:25  Gateway  
  81  10:27  Shield Battery  
  81  10:35  Pylon  
  81  10:36  Pylon  
  81  10:40  Photon Cannon  
  81  10:43  Photon Cannon  
  81  10:46  Photon Cannon  
  81  10:56  Assimilator  
  81  10:58  Assimilator  
  81  11:04  Photon Cannon  
  81  11:07  Photon Cannon  
  81  11:08  Shield Battery  
  81  11:12  Assimilator  
  81  11:15  Immortal x2  
  81  11:17  Assimilator  
  89  11:20  Forge  
  89  11:23  Forge  
  89  12:00  Probe  
  90  12:06  Immortal x2  
  90  12:08  Stalker x2  
  100  12:09  Stalker x2  
  100  12:10  Stalker  
  108  12:34  Stalker x4  
  108  12:35  Stalker  
  118  12:59  Shield Battery  
  118  13:02  Stalker x4  
  126  13:15  Pylon  
  126  13:17  Pylon  
  86  13:27  Stalker x3  
  86  13:28  Stalker  
Tags
 
Matchup
PvP
Spawn Locations
Cross Positions
Add a new tag
Caveats
  • Supply blocks, unpowered buildings, or Contaminate may cause inaccurate times.
  • Supply counts are checked every 10 seconds.